AoeStats
← AoM92

Arabian Desert

510349555Analyzed
1v1 RM · 2d ago on Sep 30, 2026· 21m 53s· 2 players
Game mode
Random Map
Map size
Tiny (2 player)
Population
200
Speed
Normal
Resources
Standard
Victory
Conquest
Starting age
Dark Age
Ending age
Imperial Age
RankedLock teamsTeams togetherTeam positionsShared explorationLock speedFull tech treeHidden civsTurbo modeCheats
Victory
Defeat
🇭🇺 Magyars · Hungary
1257
+15
🇩🇪 Mongols · Germany
1240
-15
PepperoniPizza
6:35 Loom
8:33 Feudal Age
9:27 Double-Bit Axe
18:36 Fletching
AoM92
6:10 Loom
9:06 Feudal Age
9:43 Double-Bit Axe
14:49 Wheelbarrow
19:07 Horse Collar
19:19 Fletching
19:52 Padded Archer Armor
Connection lost

Rejoining the realm…

Still unreachable

The connection could not be restored.

Session expired

The server has moved on; the page needs a fresh start.